 Dungeon Crawl Stone Soup version 0.24-a0-411-g4df2b1290f (webtiles) character file.

Game seed: 10911200430935098128

1114 Nattfarinn the Geomancer (level 8, -1/61 HPs)
             Began as a Gargoyle Earth Elementalist on June 6, 2019.
             Slain by an orc warrior
             ... wielding a +0 flail
              (11 damage)
             ... on level 6 of the Dungeon.
             The game lasted 00:13:35 (5947 turns).

Nattfarinn the Geomancer (GrEE)                     Turns: 5947, Time: 00:13:36

Health: -1/61      AC: 24    Str: 11 (12) XL:     8   Next: 34%
Magic:  2/16       EV:  2    Int: 22 (23) God:
Gold:   268        SH:  0    Dex:  7 (10) Spells: 4/17 levels left

rFire    + . .     SeeInvis .   q - +1 dagger (venom)
rCold    . . .     Gourm    .   (no shield)
rNeg     + + +     Faith    .   (armour currently unavailable)
rPois    ∞         Spirit   .   (helmet currently unavailable)
rElec    .         Reflect  .   (cloak currently unavailable)
rCorr    .         Harm     .   (gloves currently unavailable)
MR       .....     Rnd*Rage +   (boots currently unavailable) Stlth ++........NoTele +
                                (no amulet)
HPRegen  0.20/turn              (no ring)
MPRegen  0.15/turn              e - ring of protection from fire

@: brilliant, tree-form
A: berserk 1, negative energy resistance 1, petrification resistance, rot
immunity, AC +5
a: no special abilities


You were on level 6 of the Dungeon.
You were near starving.
You were a tree.
You visited 1 branch of the dungeon, and saw 6 of its levels.

You collected 268 gold pieces.

Inventory:

Hand Weapons
 n - a +0 spear
 q - a +1 dagger of venom (weapon)
Missiles
 b - 29 stones (quivered)
Armour
 c - a +0 robe (melded)
 v - a +1 helmet (melded)
 C - a +1 pair of boots (melded)
Jewellery
 e - a ring of protection from fire (right branch)
 E - an uncursed amulet of guardian spirit {unknown}
Wands
 o - a wand of iceblast (7)
 u - a wand of flame (25)
 B - a wand of acid (6)
Scrolls
 l - 4 scrolls of identify
 s - 3 scrolls of remove curse
 t - a scroll of teleportation
 w - 2 scrolls of amnesia {unknown}
 x - a scroll of immolation
 y - a scroll of magic mapping
 z - a scroll of silence {unknown}
 D - a scroll of enchant armour {unknown}
Potions
 a - a potion of lignification
 g - 4 potions of degeneration
 h - 3 potions of brilliance
 i - a potion of mutation
 j - a potion of might {unknown}
 k - a potion of curing
 m - 2 potions of magic {unknown}
 p - a potion of flight {unknown}
 r - 2 potions of haste {unknown}
 A - a potion of heal wounds {unknown}
Comestibles
 d - 9 rations


   Skills:
 - Level 1.5 Dodging
 - Level 2.1 Stealth
 + Level 5.3 Spellcasting
 - Level 0.7 Transmutations
 * Level 10.0 Earth Magic


You had 4 spell levels left.
You knew the following spells:

 Your Spells              Type           Power        Failure   Level  Hunger
a - Sandblast             Erth           ######       1%          1    None
b - Stone Arrow           Conj/Erth      #####.       1%          3    ##.....
c - Lee's Rapid Deconstr  Erth           ######....   1%          5    #####..
d - Petrify               Tmut/Erth      #####...     1%          4    ####...

Your spell library contained the following spells:

 Spells                   Type           Power        Failure   Level  Hunger
 Infusion                 Chrm           ###.         1%          1    None
 Passwall                 Tmut/Erth      #####...     1%          2    None
 Shroud of Golubria       Chrm/Tloc      ###...       1%          2    None
 Song of Slaying          Chrm           ###.....     1%          2    None
 Regeneration             Chrm/Necr      ###.......   3%          3    ##.....
 Spectral Weapon          Hex/Chrm       ###.....     3%          3    ##.....


Dungeon Overview and Level Annotations

Branches:
Dungeon (6/15)
 Temple: D:4-7

Altars:
Cheibriados
Fedhas
Ru
Vehumet

Shops:
D:4 ?


Innate Abilities, Weirdness & Mutations

You are resistant to torment.
((Your stone body is resilient. (AC +5)))
You are immune to poison.
You resist negative energy. (rN+)
((You are resistant to electric shocks. (rElec)))
((You can survive without breathing.))
You are immune to petrification.
You are immune to rotting.
((You have a pair of small horns on your head.))
((You are partially covered in slimy green scales. (AC +2)))
You tend to lose your temper in combat.


Message History

It was a potion of lignification.
You turn into a tree.
Your +1 helmet melds into your body.
Your +1 pair of boots melds into your body.
Your +0 robe melds into your body.
Your roots penetrate the ground.
You feel strangely stable. The orc warrior completely misses you.
The leopard gecko skeleton bites you but does no damage.
It was a potion of mutation.
You feel extremely strange.
You feel a little pissed off. A pair of horns grows on your head!
Slimy green scales grow over part of your body.
The orc warrior hits you but does no damage.
The leopard gecko skeleton completely misses you.
It was a potion of curing.
You feel better.
The leopard gecko skeleton bites you but does no damage.
The orc warrior hits you with a +0 flail.
* * * LOW HITPOINT WARNING * * *
You hit the orc warrior.
The orc warrior is poisoned.
The orc warrior is severely wounded.
The leopard gecko skeleton bites you but does no damage.
The orc warrior hits you with a +0 flail!
You die...

#....# #....#
###..# ##.# .
#.# ... #.##
....# #..#
......##### ##.#
......Ooo♣# #.##
...####Z#Z###
#..### #.oc..#
##...##
##.##.#######..#
#.##....# ##.##
#...###.# #..#
###. #.### ##)#
#. #...####.####
#. ###.....>....


You could see an orc warrior, an ogre, a centaur, 2 orcs, a leopard gecko
skeleton and a jackal skeleton.

Vanquished Creatures
  A water moccasin (D:6)
  A sky beast (D:5)
  An ogre (D:5)
  A centaur (D:5)
  A centaur zombie (D:4)
  2 crimson imps
  4 hounds
  2 orc priests
  An orc wizard (D:4)
  2 iguanas
  Natasha (thrice) (D:3)
  3 worker ants
  A howler monkey skeleton (D:5)
  10 adders
  2 oozes
  2 adder zombies
  3 worms (D:2)
  4 dart slugs
  5 leopard geckos
  15 orcs
  5 giant cockroaches
  9 goblins
  7 hobgoblins
  3 jackals (D:3)
  6 quokkas
  5 bats
  6 frilled lizards
  2 giant cockroach zombies (D:5)
  11 kobolds
  A leopard gecko zombie (D:6)
  6 rats
125 creatures vanquished.

Vanquished Creatures (others)
  A quokka (D:6)
1 creature vanquished.

Grand Total: 126 creatures vanquished

Notes
Turn   | Place    | Note
-------+----------+-------------------------------------------
     0 | D:1      | Nattfarinn the Gargoyle Earth Elementalist began the quest
                  | for the Orb.
     0 | D:1      | Reached XP level 1. HP: 10/10 MP: 3/3
    95 | D:1      | Reached skill level 4 in Earth Magic
   315 | D:1      | Reached XP level 2. HP: 15/15 MP: 1/5
  1011 | D:2      | Found a blossoming altar of Fedhas.
  1034 | D:2      | Reached XP level 3. HP: 8/19 MP: 3/6
  1504 | D:2      | Found a radiant altar of Vehumet.
  1505 | D:2      | Found a sacrificial altar of Ru.
  1507 | D:2      | Found a snail-covered altar of Cheibriados.
  1514 | D:2      | Reached skill level 5 in Earth Magic
  1546 | D:2      | Reached XP level 4. HP: 18/24 MP: 6/8
  1888 | D:2      | HP: 1/24 [dart slug/slug dart (6)]
  2346 | D:2      | Reached XP level 5. HP: 23/28 MP: 9/9
  2474 | D:2      | Reached skill level 6 in Earth Magic
  3169 | D:3      | Noticed Natasha
  3271 | D:3      | Killed Natasha
  3440 | D:3      | Reached XP level 6. HP: 32/32 MP: 7/11
  3533 | D:3      | Noticed Natasha
  3541 | D:3      | Killed Natasha
  3605 | D:3      | Reached skill level 7 in Earth Magic
  3846 | D:3      | Noticed Natasha
  3850 | D:3      | Killed Natasha
  4341 | D:4      | Reached XP level 7. HP: 36/36 MP: 9/13
  4350 | D:4      | Reached skill level 8 in Earth Magic
  4422 | D:3      | Learned a level 3 spell: Stone Arrow
  4428 | D:3      | Learned a level 5 spell: Lee's Rapid Deconstruction
  4433 | D:3      | Learned a level 4 spell: Petrify
  4826 | D:4      | Found Ylannanaog's Magic Scroll Shop.
  4949 | D:5      | Entered Level 5 of the Dungeon
  5227 | D:5      | Reached skill level 9 in Earth Magic
  5355 | D:5      | Reached skill level 5 in Spellcasting
  5355 | D:5      | Reached XP level 8. HP: 41/41 MP: 2/15
  5922 | D:6      | Reached skill level 10 in Earth Magic
  5941 | D:6      | HP: 2/41 [orc warrior/+0 flail (13)]
  5945 | D:6      | Gained mutation: You tend to lose your temper in combat.
                  | [potion of mutation]
  5945 | D:6      | Gained mutation: You have a pair of small horns on your
                  | head. [potion of mutation]
  5945 | D:6      | Gained mutation: You are partially covered in slimy green
                  | scales. (AC +2) [potion of mutation]
  5947 | D:6      | Slain by an orc warrior

Levels and vault maps discovered:
D:1:      dpeg_arrival_round_c, layout_loops_ring, serial_glass,
          glass_columns_a, glass_columns_a, glass_columns_c, glass_columns_c,
          feat_on_display, minmay_misc_feat_four_crosses, minmay_tromino_v4_a
D:2:      layout_basic, old_standard_altar, grunt_temple_overflow_open
D:3:      layout_loops_ring, uniq_natasha
D:4:      layout_rooms, serial_shops, nicolae_shop_crystal, first_ration
D:5:      layout_basic
D:6:      layout_rooms, elyvilon_altar_4, uniq_grinder

Skill      XL: |  1  2  3  4  5  6  7  8 |
---------------+-------------------------+-----
Earth Magic    | 4 5 6 7 9 10 | 10.0
Spellcasting   | 3 4 5 |  5.3
Dodging        | |  1.5
Stealth        | |  2.1
Transmutations | |  0.7

Action                   |  1- 3 |  4- 6 |  7- 9 || total
-------------------------+-------+-------+-------++-------
Melee: Unarmed           |    37 |       |       ||    37
       Spear             |    55 |    38 |       ||    93
       Dagger            |       |   110 |    67 ||   177
 Cast: Sandblast         |    32 |    31 |    32 ||    95
       Stone Arrow       |       |       |    19 ||    19
       Lee's Rapid Decon |       |       |     1 ||     1
  Use: Scroll            |     1 |     4 |     2 ||     7
       Potion            |       |       |     5 ||     5
 Stab: Sleeping          |     1 |    10 |       ||    11
  Eat: Chunk             |     2 |     9 |     5 ||    16
Armor: Robe              |    39 |    47 |    48 ||   134
       Skin              |       |       |     4 ||     4
Dodge: Dodged            |    77 |    87 |    74 ||   238

Table legend:
 A = Non-vault XP
 B = Vault XP
 C = Vault XP percentage of total XP
 D = Non-vault monster count
 E = Vault monster count
 F = Vault count percentage of total count
                 A         B        C        D         E       F
            +---------+---------+-------+---------+---------+-------
      Total |    1552 |      40 |   2.5 |     121 |       4 |   3.2
            +---------+---------+-------+---------+---------+-------
        D:1 |      21 |       5 |  19.2 |      14 |       3 |  17.6
        D:2 |     167 |       0 |   0.0 |      33 |       0 |   0.0
        D:3 |     180 |      35 |  16.3 |      29 |       1 |   3.3
        D:4 |     384 |       0 |   0.0 |      19 |       0 |   0.0
        D:5 |     577 |       0 |   0.0 |      19 |       0 |   0.0
        D:6 |     223 |       0 |   0.0 |       7 |       0 |   0.0
            +---------+---------+-------+---------+---------+-------
